[Event "3rd HSK Youth Summer 2018"]
[Site "Hamburg"]
[Date "2018.07.28"]
[Round "7"]
[White "Shocron, Alon"]
[Black "Caspi, Nimi"]
[Result "1-0"]
[ECO "A04"]
[WhiteElo "1817"]
[BlackElo "2014"]
[Annotator "NA"]
[PlyCount "50"]
[EventDate "2018.07.26"]
[EventType "swiss"]
[EventCountry "GER"]
[SourceTitle "playchess.com"]
[Source "ChessBase"]
[SourceQuality "1"]
[TimeControl "40/5400+30:900+30"]

1. Nf3 c5 2. c4 Nc6 3. g3 e5 4. d3 g6 5. Bg2 Bg7 6. O-O d6 7. Nc3 f5 8. Rb1 Nge7 9. Nd5 Nxd5 10. cxd5 Ne7 11. Bg5 h6 12. Bxe7 Qxe7 13. b4 b6 14. bxc5 bxc5 15. Qa4+ Bd7 16. Qa5 O-O 17. Rb7 e4 18. dxe4 fxe4 19. Nh4 Rf6 20. Bh3 Rd8 21. Qxa7 Qf8 22. Rxd7 Rxd7 23. Qxd7 g5 24. Be6+ Kh8 25. Nf5 Rg6 1-0

[Event "3rd HSK Youth Summer 2018"]
[Site "Hamburg"]
[Date "2018.07.28"]
[Round "7"]
[White "Meiwes, Thore"]
[Black "Globus, Or"]
[Result "0-1"]
[ECO "A45"]
[WhiteElo "1794"]
[BlackElo "2351"]
[Annotator "NA"]
[PlyCount "42"]
[EventDate "2018.07.26"]
[EventType "swiss"]
[EventCountry "GER"]
[SourceTitle "playchess.com"]
[Source "ChessBase"]
[SourceQuality "1"]
[TimeControl "40/5400+30:900+30"]

1. d4 Nf6 2. Bf4 g6 3. Nc3 d5 4. e3 Bg7 5. h4 O-O 6. h5 c5 7. hxg6 hxg6 8. dxc5 Qa5 9. Bh6 Bxh6 10. Rxh6 Nc6 11. Rh4 Qxc5 12. Qd2 Rd8 13. O-O-O Ne4 14. Nxe4 dxe4 15. Qc3 Rxd1+ 16. Kxd1 Qxc3 17. bxc3 f5 18. Bc4+ Kg7 19. Ne2 Ne5 20. Bb3 Ng4 21. Ke1 e5 0-1

[Event "3rd HSK Youth Summer 2018"]
[Site "Hamburg"]
[Date "2018.07.28"]
[Round "7"]
[White "Kotler, Yiftah"]
[Black "Meyling, Lennart"]
[Result "1/2-1/2"]
[ECO "B06"]
[WhiteElo "1672"]
[BlackElo "2050"]
[Annotator "NA"]
[PlyCount "47"]
[EventDate "2018.07.26"]
[EventType "swiss"]
[EventCountry "GER"]
[SourceTitle "playchess.com"]
[Source "ChessBase"]
[SourceQuality "1"]
[TimeControl "40/5400+30:900+30"]

1. e4 g6 2. Nc3 Bg7 3. g3 d6 4. Bg2 h6 5. Nge2 e6 6. O-O Ne7 7. d3 O-O 8. f4 d5 9. h3 a6 10. a4 b6 11. g4 f5 12. e5 Ra7 13. Ng3 d4 14. Nce2 Bb7 15. gxf5 Bxg2 16. Kxg2 Nxf5 17. Nxf5 gxf5 18. Ng3 Kh7 19. Kh2 c5 20. Qf3 Rg8 21. Rg1 Bh8 22. Bd2 Rag7 23. Rg2 Qe8 24. b3 1/2-1/2

[Event "3rd HSK Youth Summer 2018"]
[Site "Hamburg"]
[Date "2018.07.28"]
[Round "7"]
[White "Glatt, Oded"]
[Black "Holinka, Henning"]
[Result "0-1"]
[ECO "B06"]
[WhiteElo "1575"]
[BlackElo "2146"]
[Annotator "NA"]
[PlyCount "49"]
[EventDate "2018.07.26"]
[EventType "swiss"]
[EventCountry "GER"]
[SourceTitle "playchess.com"]
[Source "ChessBase"]
[SourceQuality "1"]
[TimeControl "40/5400+30:900+30"]

1. e4 g6 2. d4 Bg7 3. Nc3 a6 4. f4 d6 5. Nf3 b5 6. Bd3 Nd7 7. e5 c5 8. Be4 Rb8 9. O-O cxd4 10. Nxd4 dxe5 11. Nc6 Qb6+ 12. Kh1 f5 13. Nxb8 Qxb8 14. Bd5 Ngf6 15. Be6 e4 16. Be3 Qd6 17. Bb3 Nc5 18. Bxc5 Qxc5 19. Qd2 e6 20. Rad1 Ke7 21. Ne2 Ng4 22. Nc1 e3 23. Nd3 exd2 24. Nxc5 Ne3 25. c3 0-1